 Dungeon Crawl Stone Soup version 0.29.1-15-g9cfb28693d (webtiles) character file.

Game seed: 1035491374026359275

21 H0rd4k the Charlatan (level 2, 0/19 HPs)
             Began as an Octopode Artificer on Mar 20, 2023.
             Slain by a hobgoblin (3 damage)
             ... on level 1 of the Dungeon.
             The game lasted 00:00:37 (1055 turns).

H0rd4k the Charlatan (Octopode Artificer)           Turns: 1055, Time: 00:00:38

Health: 0/19       AC:  1    Str: 11    XL:     2   Next: 87%
Magic:  3/3        EV: 13    Int: 13    God:
Gold:   54         SH:  0    Dex: 12    Spells: 3/3 levels left

rFire   . . .      SeeInvis .   (no weapon)
rCold   . . .      Faith    .   (no shield)
rNeg    . . .      Spirit   .   (helmet restricted)
rPois   .          Reflect  .   (no amulet)
rElec   .          Harm     .   (no ring)
rCorr   .          Rampage  .   (no ring)
Will    .....                   (no ring)
Stlth   +++.......              (no ring)
HPRegen 0.06/turn               (no ring)
MPRegen 0.08/turn               (no ring)
                                (no ring)
                                (no ring)

@: no status effects
A: almost no armour, amphibious, 8 rings, camouflage 1, gelatinous body 1,
(nimble swimmer 1), tentacles
a: no special abilities


You were on level 1 of the Dungeon.
You visited 1 branch of the dungeon, and saw 1 of its levels.

You collected 54 gold pieces.

Inventory:

Jewellery
 f - a ring of protection from cold
Wands
 b - a wand of flame (15) (quivered)
 c - a wand of charming (15)
 d - a wand of iceblast (5)
Scrolls
 a - a scroll of fear {unknown}
 e - a scroll of butterflies {unknown}
Potions
 g - a potion of attraction {unknown}
 h - a potion of mutation {unknown}


   Skills:
 * Level 1.9 Fighting
 - Level 2.3 Dodging
 - Level 1.3 Stealth
 + Level 0.7 Unarmed Combat
 * Level 1.1 Spellcasting
 - Level 3.2 Evocations


You had 3 spell levels left.
You didn't know any spells.
Your spell library was empty.

Dungeon Overview and Level Annotations

Branches:
Dungeon (1/15)

Altars:


Innate Abilities, Weirdness & Mutations

You cannot wear most types of armour.
You are amphibious.
You can wear up to eight rings at the same time.
Your skin changes colour to match your surroundings (Stealth+).
Your rubbery body absorbs attacks. (AC +1, EV +1)
((You are camouflaged when in or above water. (Stealth+)))
You have tentacles for arms and can constrict up to eight enemies at once.


Message History

A frilled lizard is nearby!
You are too injured to fight recklessly!
You are too injured to fight recklessly!
A frilled lizard is nearby!
A frilled lizard is nearby!
You are too injured to fight recklessly!
You are too injured to fight recklessly!
A frilled lizard is nearby!
You are too injured to fight recklessly!
The frilled lizard hisses angrily.
A hobgoblin comes into view.
The hobgoblin shouts!
The frilled lizard closely misses you.
You tentacle-slap the frilled lizard. Your grab misses the frilled lizard.
The frilled lizard is heavily wounded.
The frilled lizard barely misses you.
You barely miss the frilled lizard. Your grab misses the frilled lizard.
The frilled lizard is heavily wounded.
The frilled lizard bites you.
You barely miss the frilled lizard. Your grab misses the frilled lizard.
The frilled lizard is heavily wounded.
The hobgoblin hits you.
* * * LOW HITPOINT WARNING * * *
The frilled lizard misses you.
You closely miss the frilled lizard. Your grab misses the frilled lizard.
Your squeeze misses the frilled lizard.
The frilled lizard is heavily wounded.
The hobgoblin completely misses you. The frilled lizard closely misses you.
You tentacle-slap the frilled lizard but do no damage.
Your grab misses the frilled lizard.
Your tentacle-slap misses the frilled lizard.
The frilled lizard is heavily wounded.
The hobgoblin hits you.
* * * LOW HITPOINT WARNING * * *
The frilled lizard closely misses you.
You barely miss the frilled lizard. Your grab misses the frilled lizard.
Your squeeze misses the frilled lizard.
The frilled lizard is heavily wounded.
The hobgoblin hits you.
You die...

# # ### ...#.. # #..
##....# ###.####
##.....## .......###
##.......##
###......###.........#
...........+.........+
##.........#....lg...####
##.~~~⌠~†~.##...@........
##.⌠.....~.###....)#.####
#..P.#.#.⌠.# ##...##
#..~.#.#.~.# ##'##
...⌠.#_#.~.# #)#
.#.~.###.~.## #.#
..~.PP.P⌠..####.##
#.⌠.P⌠.~~...##...##
..........#.#.....#


You could see a hobgoblin and a frilled lizard.

Vanquished Creatures
  2 endoplasms (D:1)
  A giant cockroach (D:1)
  3 goblins (D:1)
  2 hobgoblins (D:1)
  2 jackals (D:1)
  3 ball pythons (D:1)
  A bat (D:1)
  2 kobolds (D:1)
  4 rats (D:1)
20 creatures vanquished.

Notes
Turn   | Place    | Note
-------+----------+-------------------------------------------
     0 | D:1      | H0rd4k the Octopode Artificer began the quest for the Orb.
     0 | D:1      | Reached XP level 1. HP: 13/13 MP: 1/1
   347 | D:1      | Reached XP level 2. HP: 3/18 MP: 1/3
   910 | D:1      | Found a faded altar of an unknown god.
   916 | D:1      | Reached skill level 1 in Spellcasting
  1055 | D:1      | Slain by a hobgoblin

Illustrated notes

Levels and vault maps discovered:
D:1:      elethiomel_arrival_maze, layout_loops_corners,
          shapermc_ecumenical_altar_acropolis, minmay_misc_feat_cross,
          minmay_hexomino_p4

Skill      XL: |  1  2 |
---------------+-------+-----
Spellcasting   | 1 |  1.1
Fighting       | |  1.9
Dodging        | |  2.3
Stealth        | |  1.3
Unarmed Combat | |  0.7
Evocations     | |  3.2

Action                   || total
-------------------------++-------
Melee: Unarmed           ||    54
       Constrict         ||    12
       Tentacles         ||     7
       Punch             ||     1
  Use: Potion            ||     1
 Stab: Sleeping          ||     9
Armor: Skin              ||     2
Dodge: Dodged            ||    29
